 Dungeon Crawl Stone Soup version 0.22.1-2-g9c5b331 (webtiles) character file.

251 empire the Slasher (level 5, 0/46 HPs)
             Began as a Minotaur Fighter on Nov 29, 2018.
             Slain by a wraith (7 damage)
             ... in an ossuary.
             The game lasted 00:07:47 (2751 turns).

empire the Slasher (Minotaur Fighter)               Turns: 2751, Time: 00:07:47

Health: 0/46       AC: 11    Str: 22    XL:     5   Next: 88%
Magic:  4/4        EV:  4    Int:  5    God:
Gold:   236        SH:  9    Dex:  9    Spells: 4/4 levels left

rFire    . . .     SeeInvis .   a - +0 long sword
rCold    . . .     Gourm    .   c - +0 shield
rNeg     . . .     Faith    .   q - +0 plate armour
rPois    .         Spirit   .   (helmet restricted)
rElec    .         Reflect  .   (no cloak)
rCorr    .         Harm     .   (no gloves)
MR       .....                  (no boots)
Stlth    ..........             r - amulet of regeneration (curse)
HPRegen  0.55/turn              (no ring)
MPRegen  0.09/turn              (no ring)

@: slowed, very slow
A: retaliatory headbutt, horns 2
a: no special abilities


You were in an ossuary.
You were very hungry.

You visited 1 branch of the dungeon, and saw 4 of its levels.
You also visited: Ossuary.

You collected 236 gold pieces.

Inventory:

Hand Weapons
 a - a +0 long sword (weapon)
Armour
 c - a +0 shield (worn)
 q - a +0 plate armour (worn)
Jewellery
 r - a cursed amulet of regeneration (around neck)
 x - an uncursed ring of poison resistance {unknown}
Scrolls
 g - a scroll of enchant weapon {unknown}
 i - 2 scrolls of blinking {unknown}
 l - 2 scrolls of magic mapping
 o - 4 scrolls of identify
 p - 3 scrolls of teleportation
 t - 2 scrolls of fear {unknown}
Potions
 b - a potion of mutation {unknown}
 d - 2 potions of might
 e - a potion of degeneration {unknown}
 h - 2 potions of lignification {unknown}
 j - 2 potions of berserk rage {unknown}
 k - a potion of agility {unknown}
 m - 2 potions of flight {unknown}
 n - a potion of magic {unknown}
 s - a potion of invisibility {unknown}
 u - a potion of haste {unknown}
 v - 2 potions of curing {unknown}
 w - 2 potions of heal wounds {unknown}
Comestibles
 f - 6 rations


   Skills:
 - Level 4.0 Fighting
 + Level 7.0 Long Blades
 - Level 4.0 Armour
 - Level 4.0 Shields


You had 4 spell levels left.
You didn't know any spells.
Your spell library contained the following spells:

 Spells                   Type           Power        Failure   Level  Hunger
 Animate Skeleton         Necr           N/A          100%        1    ##.....
 Apportation              Tloc           #.....       100%        1    ##.....
 Confusing Touch          Hex            #.....       100%        1    ##.....
 Summon Small Mammal      Summ           #...         100%        1    ##.....


Dungeon Overview and Level Annotations

Branches:
Dungeon (4/15)
 Temple: D:4-7

Altars:


Innate Abilities, Weirdness & Mutations

You reflexively headbutt those who attack you in melee.
You have a pair of horns on your head.


Message History

You block the wraith's attack.
You hit the wraith.
The wraith is almost destroyed.
You block the wraith's attack.
You hit the wraith but do no damage.
The wraith is almost destroyed.
The wraith hits you! The wraith drains your vigour!
You feel as though you will be slow longer.
The wraith hits you but does no damage.
You hit the wraith but do no damage.
The wraith is almost destroyed.
The wraith hits you but does no damage. You block the wraith's attack.
You closely miss the wraith. Your headbutt misses the wraith.
The wraith is almost destroyed.
The wraith hits you!
* * * LOW HITPOINT WARNING * * *
The wraith drains your vigour!
You feel as though you will be slow longer.
The wraith hits you!
You die...

.#.#..#.#..#^#...^....#
......................#
......###.......####..#
..8...# #...8....+ #..#
......#+#.......####..#
.....^#.#.............#
......................#
.####.....####..####..#
.#.'...8...+ #..@W!#..#
.####.....####..####^.#
......................#
......#.#.............#
......#+#.......####..#
..8..^# #...8....'.#..#
......###.......####..#
......................#
.#.#..#.#..#.#........#


You could see a wraith.

Vanquished Creatures
  A scorpion (D:3)
  A human zombie (Ossuary)
  2 mummies (Ossuary)
  7 adders
  3 worms
  A leopard gecko (D:1)
  An orc (D:3)
  4 giant cockroaches
  8 goblins
  7 hobgoblins
  7 jackals
  8 kobolds
  A quokka (D:3)
  2 ball pythons
  12 bats
  2 frilled lizards (D:1)
  2 goblin zombies (Ossuary)
  5 hobgoblin zombies (Ossuary)
  A jackal zombie (D:4)
  4 kobold zombies (Ossuary)
  An orc zombie (D:4)
  4 rats
84 creatures vanquished.

Notes
Turn   | Place    | Note
-------+----------+-------------------------------------------
     0 | D:1      | empire the Minotaur Fighter began the quest for the Orb.
     0 | D:1      | Reached XP level 1. HP: 19/19 MP: 0/0
    87 | D:1      | Reached XP level 2. HP: 24/27 MP: 1/1
   346 | D:1      | Reached skill level 3 in Long Blades
   653 | D:1      | Reached XP level 3. HP: 33/33 MP: 2/2
  1041 | D:2      | Reached skill level 4 in Long Blades
  1243 | D:2      | Reached XP level 4. HP: 40/40 MP: 3/3
  1590 | D:3      | Reached skill level 5 in Long Blades
  2009 | D:3      | Reached skill level 6 in Long Blades
  2009 | D:3      | Reached XP level 5. HP: 38/46 MP: 4/4
  2094 | D:3      | Found a faded altar of an unknown god.
  2429 | D:4      | Found a sand-covered staircase.
  2445 | Ossuary  | Entered an ossuary
  2445 | Ossuary  | Noticed a wraith
  2445 | Ossuary  | Noticed a wraith
  2445 | Ossuary  | Noticed a wraith
  2637 | Ossuary  | Reached skill level 7 in Long Blades
  2734 | Ossuary  | Noticed a wraith
  2751 | Ossuary  | Slain by a wraith

Skill      XL: |  1  2  3  4  5 |
---------------+----------------+-----
Fighting       | 4 |  4.0
Shields        | 4 |  4.0
Armour         | 4 |  4.0
Long Blades    | 3 4 6 7 |  7.0

Action                   |  1- 3 |  4- 6 || total
-------------------------+-------+-------++-------
Melee: Long sword        |   105 |   165 ||   270
       Headbutt          |    14 |    27 ||    41
  Use: Scroll            |       |     3 ||     3
  Eat: Chunk             |     1 |     4 ||     5
Armor: Scale mail        |    52 |       ||    52
       Plate armour      |    16 |    70 ||    86
Dodge: Dodged            |    33 |    23 ||    56
Block: Shield            |    63 |    90 ||   153
       Rpst.: Long sword |     9 |     6 ||    15
